 Dungeon Crawl Stone Soup version 0.17-a0-1663-gb806841 (webtiles) character file.

92 HenryFlower the Changer (level 4, -2/28 HPs)
             Began as an Octopode Transmuter on Aug 16, 2015.
             Slain by an adder (4 damage)
             ... on level 3 of the Dungeon on Aug 17, 2015.
             The game lasted 00:04:25 (2841 turns).

HenryFlower the Changer (Octopode Transmuter)       Turns: 2841, Time: 00:04:25

Health: -2/28      AC:  2    Str:  9    XL:     4   Next: 60%
Magic:  4/7        EV: 19    Int: 19    God:
Gold:   78         SH:  0    Dex: 17    Spells: 3 memorised, 1 level left

rFire  . . .     SeeInvis .       - Unarmed
rCold  . . .     Clarity  .     (shield currently unavailable)
rNeg   . . .     SustAt   .     (helmet currently unavailable)
rPois  x         Gourm    .     (no amulet)
rElec  .         Spirit   .     p - ring of wizardry
rCorr  .         Warding  .     v - +3 ring of intelligence
rMut   .         Stasis   .     (no ring)
MR     .....                    (no ring)
Stlth  ++........               (no ring)
                                (no ring)
                                (no ring)
                                (no ring)

@: lethally poisoned (-2 -> -13), spider-form, not resistant to hostile
enchantments, unstealthy
A: almost no armour, amphibious, 8 rings, (constrict 8), (camouflage 0),
(gelatinous body 0)
a: End Transformation


You were on level 3 of the Dungeon.
You were hungry.
You were a venomous arachnid creature.
You visited 1 branch of the dungeon, and saw 3 of its levels.

You collected 78 gold pieces.

Inventory:

Missiles
 a - 71 arrows
 x - 11 arrows of dispersal
Jewellery
 p - a ring of wizardry (left front leg)
 v - a +3 ring of intelligence (right front leg)
Scrolls
 d - 2 scrolls of recharging {unknown}
 e - 2 scrolls of identify {unknown}
 f - a scroll of fear {unknown}
 g - 2 scrolls of remove curse
 i - 2 scrolls of immolation {unknown}
 j - a scroll of amnesia {unknown}
 o - a scroll of teleportation {unknown}
 q - 2 scrolls of blinking {unknown}
 r - a scroll of noise {unknown}
 w - a scroll of enchant weapon {unknown}
Potions
 h - a potion of brilliance {unknown}
 l - a potion of curing {unknown}
 m - a potion of haste {unknown}
 s - a potion of cancellation {unknown}
 t - a potion of flight {unknown}
 u - a potion of cure mutation {unknown}
Books
 b - a book of Changes

   Spells                             Type                      Level
   a - Beastly Appendage              Transmutation                1
   b - Sticks to Snakes               Transmutation                2
   c - Spider Form                    Transmutation/Poison         3
   d - Ice Form                       Ice/Transmutation            4
   e - Blade Hands                    Transmutation                5
Comestibles
 c - 2 bread rations
 k - a meat ration
 n - 2 chunks of flesh


   Skills:
 - Level 1.0 Fighting
 - Level 2.0 Dodging
 + Level 3.2 Unarmed Combat
 - Level 2.0 Spellcasting
 - Level 4.5 Transmutations


You had one spell level left.
You knew the following spells:

 Your Spells              Type           Power        Failure   Level  Hunger
a - Beastly Appendage     Trmt           ###...       4%          1    #......
b - Sticks to Snakes      Trmt           ###.......   6%          2    ###....
c - Spider Form           Trmt/Pois      ##........   17%         3    ###....


Dungeon Overview and Level Annotations

Branches:
Dungeon (3/15)

Altars:


Innate Abilities, Weirdness & Mutations

You cannot wear most types of armour.
You are amphibious.
You can wear up to eight rings at the same time.
((You can use your tentacles to constrict eight enemies at once.))
((Your skin changes colour to match your surroundings (Stealth).))
((Your rubbery body absorbs attacks (AC +1).))


Message History

Your squeeze misses the adder.
The adder is moderately wounded.
The adder bites you.
* * * LOW HITPOINT WARNING * * *
Drink which item? (? for menu, Esc to quit)
Okay, then.
You feel sick. The adder barely misses you.
Casting: Spider Form
Confirm with . or Enter, or press ? or * to list all spells.
You turn into a venomous arachnid creature.
You feel sick. The adder bites you.
* * * LOW HITPOINT WARNING * * *
You are more poisoned.
The adder poisons you!
Unknown command.
You hit the adder.
The adder is poisoned.
The adder is heavily wounded.
* * * LOW HITPOINT WARNING * * *
You feel sick. The adder bites you.
You die...

.# #.# .. # .# #.# .# .#
. .# #.# .##.#..
.#######.# ######.#... .
..##.....####........ ..
##.#...............# ...
##..###.####.# #..# ..
#..# #.####.###S.#.#
##..# #..)..<..s...#
##.#.########.###.##.#.#
[.##.....................
.##########.#####..##.###
.# #.# ##.# # ## #.# .#
#.# .# #.# .# #.# ..


You could see an adder.

Vanquished Creatures
  3 adders
  3 worms
  7 bats
  6 giant cockroaches
  8 goblins
  5 hobgoblins
  2 jackals (D:2)
  10 kobolds
  A quokka (D:1)
  A giant gecko (D:1)
  4 giant newts
  7 rats (D:2)
57 creatures vanquished.

Notes
Turn   | Place    | Note
--------------------------------------------------------------
     0 | D:1      | HenryFlower the Octopode Transmuter began the quest for the Orb.
     0 | D:1      | Reached XP level 1. HP: 13/13 MP: 3/3
   350 | D:1      | Reached XP level 2. HP: 18/18 MP: 5/5
   504 | D:1      | Learned a level 2 spell: Sticks to Snakes
  1053 | D:1      | Reached XP level 3. HP: 19/23 MP: 6/6
  1735 | D:2      | Reached skill level 4 in Transmutations
  1813 | D:2      | Reached XP level 4. HP: 18/28 MP: 5/7
  2059 | D:2      | Learned a level 3 spell: Spider Form
  2841 | D:3      | Slain by an adder

Vault maps used:
D:1:      dpeg_arrival_three_bigger_balls
D:3:      kennysheep_generic_room_14

Action                   |  1- 3 |  4- 6 || total
-------------------------+-------+-------++-------
Melee: Unarmed           |    93 |    56 ||   149
 Cast: Beastly Appendage |     3 |       ||     3
       Sticks to Snakes  |     2 |     1 ||     3
       Spider Form       |       |     3 ||     3
  Use: Scroll            |       |     1 ||     1
 Stab: Sleeping          |     5 |     3 ||     8
  Eat: Chunk             |     3 |     3 ||     6
